Match 46695718
Unlisted

Match 46695718
End
Selects Italian Combined Arms Battlegroup
Selects Bersaglieri Squad
Bersaglieri Squad
Kradschützen Motorcycle Team
Bersaglieri Squad
Construct Light Support Kompanie
Bersaglieri Squad
Fire Support Elements
Selects Bersaglieri Bolster
Flakvierling Half-track
le.IG 18 Mechanized Group
Panzerjäger Squad
2.5-tonne Medical Truck
MG34 Team
Selects Breda Model 30 Light Machine Guns
Construct Panzerarmee Kommand
Pak 38 Anti-tank Gun Team
Pak 38 Anti-tank Gun Team
Selects Semovente da 75/18 Assault Gun
Selects Carro Armato M13/40 Light Tank
2.5-tonne Medical Truck
2.5-tonne Medical Truck
Selects Artillery Cover
Tzeh
HighLλnder
Ópalus
Don Pitudo
Heath Lair
Vashordo
0
0

Comments sign in to comment!

No comments posted yet!